 Dungeon Crawl Stone Soup version 0.26-b1-32-g5d43845318 (webtiles) character file.

Game seed: 12500187421034825805

351 Borgoz the Skirmisher (level 6, -2/52 HPs)
             Began as a Ghoul Gladiator on Jan 13, 2021.
             Slain by an orc
             ... wielding a +2 spear of chaos
              (5 damage)
             ... on level 3 of the Dungeon.
             The game lasted 00:02:16 (2700 turns).

Borgoz the Skirmisher (Ghoul Gladiator)             Turns: 2700, Time: 00:02:16

Health: -2/52      AC:  5    Str: 18 (19) XL:     6   Next: 61%
Magic:  1/5        EV: 18    Int:  8 (9)  God:
Gold:   104        SH:  0    Dex: 11      Spells: 5/5 levels left

rFire    . . .     SeeInvis .   a - +0 flail
rCold    + . .     Faith    .   (no shield)
rNeg     + + +     Spirit   .   b - +0 leather armour
rPois    ∞         Reflect  .   c - +0 helmet
rElec    .         Harm     .   e - +0 cloak
rCorr    .         Rampage  .   (no gloves)
Will     .....                  (no boots)
Stlth    ..........             (no amulet)
HPRegen  0.00/turn              f - +6 ring of intelligence
MPRegen  0.09/turn              m - ring of attention (curse)

@: mighty, agile, invisible
A: claws 1, cold resistance 1, negative energy resistance 3, inhibited
regeneration, torment resistance, unbreathing
a: no special abilities


You were on level 3 of the Dungeon.
You visited 1 branch of the dungeon, and saw 3 of its levels.

You collected 104 gold pieces.

Inventory:

Hand Weapons
 a - a +0 flail (weapon)
Missiles
 d - 2 throwing nets (quivered)
Armour
 b - a +0 leather armour (worn)
 c - a +0 helmet (worn)
 e - a +0 cloak (worn)
Jewellery
 f - a +6 ring of intelligence (left claw)
 g - an uncursed ring of flight
 m - a cursed ring of attention (right claw)
Scrolls
 h - 3 scrolls of remove curse {unknown}
 k - a scroll of identify {unknown}
 n - a scroll of fog {unknown}
 o - a scroll of amnesia {unknown}
 p - 2 scrolls of teleportation {unknown}
Potions
 i - a potion of brilliance {unknown}


   Skills:
 * Level 4.1 Fighting
 * Level 3.9 Maces & Flails
 - Level 1.7 Throwing
 * Level 2.7 Armour
 * Level 4.0 Dodging


You had 5 spell levels left.
You didn't know any spells.
Your spell library contained the following spells:

 Spells                   Type           Power        Failure   Level
 Corona                   Hex            0%           45%         1
 Magic Dart               Conj           0%           45%         1
 Blink                    Tloc           N/A          61%         2
 Call Imp                 Summ           0%           61%         2
 Ensorcelled Hibernation  Hex/Ice        0%           61%         2
 Slow                     Hex            0%           61%         2
 Confusing Touch          Hex            0%           83%         3
 Conjure Flame            Conj/Fire      0%           83%         3
 Dazzling Flash           Conj/Hex       0%           83%         3
 Mephitic Cloud           Conj/Pois/Air  0%           83%         3
 Tukima's Dance           Hex            0%           83%         3


Dungeon Overview and Level Annotations

Branches:
Dungeon (3/15)

Altars:
Fedhas


Innate Abilities, Weirdness & Mutations

You thrive by killing the living.
You are immune to poison.
You have sharp fingernails.
Your flesh is cold resistant. (rC+)
You are immune to negative energy. (rN+++)
You do not regenerate when monsters are visible.
You are immune to unholy pain and torment.
You can survive without breathing.


Message History

You hit the gnoll.
The gnoll is lightly wounded.
The orc barely misses you. The gnoll closely misses you.
The orc hits you from afar with a +2 spear of chaos.
You feel mightier all of a sudden. The gnoll hits you but does no damage.
You are electrocuted!
* * * LOW HITPOINT WARNING * * *
You barely miss the gnoll.
The gnoll is lightly wounded.
You feel yourself speed up. The orc closely misses you.
The gnoll completely misses you.
The orc hits you from afar with a +2 spear of chaos.
* * * LOW HITPOINT WARNING * * *
You convulse.
* * * LOW HITPOINT WARNING * * *
It was a potion of invisibility.
You fade into invisibility!
The gnoll closely misses you.
The orc hits you from afar with a +2 spear of chaos.
You die...

....# #.# #####
#..⌠ #### ...?#
##..# ≈.≈≈. ....#
#≈≈.. ##..#
≈.#.#.### #..#
^..g≈.o.# ##..#
#g# .#..# #@#
....# #.# ##..#
#.# #..# #.#
#).## ##.# #...#
#..# #...### #.##
#..[..########.#
##..........##..#


You could see a gnoll and an orc.

Vanquished Creatures
  Sigmund (D:2)
  Natasha (thrice) (D:2)
  A gnoll (D:3)
  5 adders
  2 worms
  A dart slug (D:2)
  2 leopard geckos
  An orc (D:3)
  4 ball pythons
  A bat (D:1)
  2 giant cockroaches
  5 goblins
  10 hobgoblins
  3 jackals (D:3)
  3 kobolds
  4 frilled lizards
  8 rats
56 creatures vanquished.

Notes
Turn   | Place    | Note
-------+----------+-------------------------------------------
     0 | D:1      | Borgoz the Ghoul Gladiator began the quest for the Orb.
     0 | D:1      | Reached XP level 1. HP: 17/17 MP: 0/0
    79 | D:1      | Reached XP level 2. HP: 25/25 MP: 1/1
   505 | D:1      | Reached skill level 1 in Armour
   607 | D:2      | Noticed Natasha
   614 | D:2      | Noticed a crimson imp
   615 | D:2      | Killed Natasha
   616 | D:2      | Reached XP level 3. HP: 26/30 MP: 2/2
   703 | D:2      | Reached XP level 4. HP: 14/37 MP: 3/3
  1272 | D:2      | Noticed Natasha
  1283 | D:2      | Killed Natasha
  1478 | D:2      | Noticed Sigmund
  1502 | D:2      | Killed Sigmund
  1503 | D:2      | Reached XP level 5. HP: 31/46 MP: 4/4
  1503 | D:2      | Reached XP level 6. HP: 35/52 MP: 5/5
  1601 | D:2      | Noticed Natasha
  1617 | D:2      | Killed Natasha
  2620 | D:3      | Found a blossoming altar of Fedhas.
  2700 | D:3      | Slain by an orc

Illustrated notes

Levels and vault maps discovered:
D:1:      minmay_arrival_plants_in_alcoves, layout_loops_ring,
          hangedman_abyss_or_decor_lesser_grid, minmay_misc_feat_cross
D:2:      layout_basic, bh_walls_and_bars, uniq_sigmund, uniq_natasha
D:3:      layout_loops_ring, old_standard_altar,
          nemelex_xobeh_ov_fountains_minmay, nicolae_qazlal_style_of_elements,
          tgw_xom

Skill      XL: |  1  2  3  4  5  6 |
---------------+-------------------+-----
Armour         | 1 2 |  2.7
Maces & Flails | 3 |  3.9
Dodging        | 3 4 |  4.0
Fighting       | 3 4 |  4.1
Throwing       | |  1.7

Action                   |  1- 3 |  4- 6 || total
-------------------------+-------+-------++-------
Melee: Flail             |    75 |   161 ||   236
Throw: Throwing net      |       |     3 ||     3
  Use: Potion            |       |     4 ||     4
Armor: Leather armour    |    25 |    48 ||    73
Dodge: Dodged            |    47 |   145 ||   192
